 Dungeon Crawl Stone Soup version 0.17.1-2-g5865329 (webtiles) character file.

1697 xeno23 the Charmwright (level 8, -4/56 HPs)
             Began as a High Elf Skald on Jan 31, 2016.
             Slain by an ogre
             ... wielding a +0 giant spiked club
              (17 damage)
             ... on level 6 of the Dungeon.
             The game lasted 00:33:48 (5841 turns).

xeno23 the Charmwright (High Elf Skald)             Turns: 5841, Time: 00:33:48

Health: -4/56      AC: 10    Str: 13    XL:     8   Next: 72%
Magic:  10/13      EV: 12    Int: 16    God:
Gold:   271        SH:  0    Dex: 15    Spells: 4 memorised, 4 levels left

rFire  . . .     SeeInvis .     i - +2 spear (venom)
rCold  . . .     Clarity  .     w - +0 ring mail
rNeg   . . .     SustAt   .     (no shield)
rPois  +         Gourm    .     m - +1 helmet
rElec  .         Spirit   .     (no cloak)
rCorr  .         Warding  .     B - +1 pair of gloves
rMut   .         Stasis   .     (no boots)
MR     .....                    (no amulet)
Stlth  +.........               D - ring of wizardry
                                p - ring of poison resistance

@: not resistant to hostile enchantments, very unstealthy
A: no striking features
a: no special abilities


You were on level 6 of the Dungeon.
You were not hungry.

You visited 2 branches of the dungeon, and saw 7 of its levels.

You collected 271 gold pieces.

Inventory:

Hand Weapons
 a - a +0 falchion
 g - a +1 spear of freezing
 i - a +2 spear of venom (weapon)
 r - a +0 long sword
Missiles
 e - 6 javelins (quivered)
Armour
 b - a +0 leather armour
 m - a +1 helmet (worn)
 w - a +0 ring mail (worn)
 B - a +1 pair of gloves (worn)
Jewellery
 j - an uncursed ring of protection from cold
 p - a ring of poison resistance (left hand)
 D - a ring of wizardry (right hand)
 E - an uncursed amulet of stasis
Wands
 n - a wand of slowing (8)
 o - a wand of hasting (8)
 C - a wand of digging (12)
 I - a wand of polymorph (0)
Scrolls
 u - 2 scrolls of magic mapping
 y - 2 scrolls of recharging
 H - a scroll of remove curse
Potions
 f - a potion of might
 h - 2 potions of curing
 k - a potion of resistance
 q - a potion of lignification {unknown}
 t - 2 potions of brilliance
 v - a potion of flight {unknown}
 x - a potion of haste {unknown}
 z - a potion of ambrosia {unknown}
 A - a potion of agility {unknown}
 G - a potion of mutation {unknown}
Books
 c - a book of Battle

   Spells                             Type                      Level
   a - Infusion                       Charms                       1
   b - Shroud of Golubria             Charms/Translocation         2
   c - Song of Slaying                Charms                       2
   d - Spectral Weapon                Hexes/Charms                 3
   e - Regeneration                   Charms/Necromancy            3
Comestibles
 d - 5 bread rations
 l - 2 meat rations


   Skills:
 * Level 5.6 Fighting
 * Level 6.4 Long Blades
 + Level 3.3 Armour
 + Level 3.5 Dodging
 - Level 3.0 Spellcasting
 + Level 3.0 Hexes
 * Level 6.9 Charms
 - Level 3.1 Translocations


You had 4 spell levels left.
You knew the following spells:

 Your Spells              Type           Power        Failure   Level  Hunger
a - Infusion              Chrm           ###...       1%          1    #......
d - Shroud of Golubria    Chrm/Tloc      ###.......   4%          2    ##.....
e - Regeneration          Chrm/Necr      ##........   12%         3    ###....
s - Spectral Weapon       Hex/Chrm       ###.....     7%          3    ###....


Dungeon Overview and Level Annotations

Branches:
Dungeon (6/15)             Temple (1/1) D:6

Altars:
Ashenzari
Cheibriados
Elyvilon
Fedhas
Makhleb
Nemelex Xobeh
Ru
Sif Muna
Trog
Xom

Shops:
D:5 =

Annotations:
D:5 1 exclusion
D:6 Dowan, Duvessa


Message History

Evoke which item? (* to show all) (? for menu, Esc to quit)
Zapping:
I - a wand of polymorph {zapped: 1} (will waste charges)
Press: ? - help, Shift-Dir - straight line, f - ogre
Aim: an ogre, wielding a giant spiked club (chance to defeat MR: 46%)
The ogre resists with some effort.
Evoking this partially-identified wand wasted a few charges.
The ogre completely misses you.
Evoke which item? (* to show all) (? for menu, Esc to quit)
Zapping:
I - a wand of polymorph {zapped: 4} (will waste charges)
Press: ? - help, Shift-Dir - straight line, f/p - ogre
Aim: an ogre, wielding a giant spiked club (chance to defeat MR: 46%)
The ogre resists with some effort.
Evoking this partially-identified wand wasted a few charges.
Evoke which item? (* to show all) (? for menu, Esc to quit)
Zapping:
I - a wand of polymorph {zapped: 7} (will waste charges)
Press: ? - help, Shift-Dir - straight line, f/p - ogre
Aim: an ogre, wielding a giant spiked club (chance to defeat MR: 46%) Nothing appears to happen.
The ogre hits you with a giant spiked club!
You die...

# # #### ## ##..# #.
##...## #. #####
#.....#### ##@..#
##........# ##.O.##
#........). #....#
#.......### #....#
##.......# #....#
#.......## ##
#...#####.......#
...####..###........##
#.....#.###..#......#
#....##..##.....##


You could see an ogre.

Vanquished Creatures
  Eustachio (D:4)
  Edmund (D:4)
  A sky beast (D:5)
  4 ogres
  A big kobold (D:6)
  The ghost of xeno23 the Charmwright, a weakling HESk (D:3)
  4 hounds
  A crimson imp (D:5)
  2 jellies
  4 orc wizards
  5 orc priests
  Natasha (thrice) (D:4)
  3 worker ants
  6 gnolls
  5 adders
  A shadow imp (D:5)
  An ooze (D:1)
  An adder zombie (D:6)
  8 worms
  An adder skeleton (D:4)
  3 giant geckos
  16 orcs
  A ball python (D:3)
  5 giant cockroaches
  8 hobgoblins
  7 jackals
  8 kobolds
  A quokka (D:2)
  4 bats
  6 giant newts
  9 goblins
  3 quokka skeletons
  9 rats
134 creatures vanquished.

Vanquished Creatures (collateral kills)
  An ogre (D:4)
1 creature vanquished.

Vanquished Creatures (others)
  5 spectral weapons
5 creatures vanquished.

Grand Total: 140 creatures vanquished

Notes
Turn   | Place    | Note
--------------------------------------------------------------
     0 | D:1      | xeno23 the High Elf Skald began the quest for the Orb.
     0 | D:1      | Reached XP level 1. HP: 14/14 MP: 4/4
   104 | D:1      | Reached skill level 1 in Armour
   126 | D:1      | Reached XP level 2. HP: 16/19 MP: 6/6
   147 | D:1      | Learned a level 2 spell: Shroud of Golubria
   697 | D:2      | Reached XP level 3. HP: 25/25 MP: 1/7
   787 | D:2      | Learned a level 3 spell: Spectral Weapon
  1389 | D:2      | Reached skill level 4 in Charms
  1389 | D:2      | Reached XP level 4. HP: 29/31 MP: 0/9
  1402 | D:2      | Reached XP level 5. HP: 18/36 MP: 0/10
  1421 | D:2      | Learned a level 3 spell: Regeneration
  1483 | D:3      | Noticed an ogre
  1614 | D:3      | Reached skill level 1 in Hexes
  1668 | D:3      | Noticed xeno23's ghost (weakling HESk)
  1684 | D:3      | Killed xeno23's ghost
  1754 | D:3      | Reached skill level 1 in Translocations
  1999 | D:2      | Killed an ogre
  1999 | D:2      | Reached XP level 6. HP: 37/42 MP: 9/11
  2394 | D:4      | Noticed Edmund
  2428 | D:4      | Killed Edmund
  2585 | D:4      | Noticed Natasha
  2596 | D:4      | Killed Natasha
  2596 | D:4      | Reached skill level 5 in Charms
  2664 | D:4      | Found a sparkling altar of Nemelex Xobeh.
  2754 | D:4      | Reached XP level 7. HP: 27/48 MP: 9/12
  2833 | D:4      | Noticed Natasha
  2839 | D:4      | Killed Natasha
  2860 | D:4      | Reached skill level 5 in Long Blades
  3120 | D:4      | Noticed Eustachio
  3146 | D:4      | Killed Eustachio
  3226 | D:4      | Noticed Natasha
  3227 | D:4      | Killed Natasha
  3564 | D:5      | Entered Level 5 of the Dungeon
  4268 | D:5      | Reached XP level 8. HP: 40/54 MP: 9/13
  4488 | D:5      | Found Ruhanub's Jewellery Shop.
  4571 | D:5      | Reached skill level 6 in Charms
  4595 | D:5      | Reached skill level 5 in Fighting
  4618 | D:5      | Found a snail-covered altar of Cheibriados.
  4855 | D:5      | Noticed a moth of wrath
  4857 | D:5      | Found a bloodstained altar of Trog.
  4939 | D:6      | Noticed Dowan
  5185 | D:6      | Found a white marble altar of Elyvilon.
  5546 | D:6      | Found a staircase to the Ecumenical Temple.
  5567 | Temple   | Entered the Ecumenical Temple
  5774 | D:6      | Noticed Duvessa
  5841 | D:6      | Slain by an ogre

Action                   |  1- 3 |  4- 6 |  7- 9 || total
-------------------------+-------+-------+-------++-------
Melee: Spear             |    94 |   105 |   213 ||   412
       Falchion          |     6 |       |       ||     6
       Unarmed           |       |       |     6 ||     6
Throw: Javelin           |       |       |     9 ||     9
 Cast: Infusion          |     5 |     2 |     4 ||    11
       Shroud of Golubri |     3 |     2 |     7 ||    12
       Spectral Weapon   |       |     5 |    16 ||    21
       Regeneration      |       |     3 |     9 ||    12
Evoke: Wand              |       |       |     3 ||     3
  Use: Scroll            |       |     4 |    11 ||    15
 Stab: Sleeping          |     1 |     1 |       ||     2
       Distracted        |     1 |     1 |       ||     2
  Eat: Chunk             |     1 |     6 |     6 ||    13
       Meat ration       |       |       |     2 ||     2
